 Dungeon Crawl Stone Soup version bcrawl-1.18 (webtiles) character file.

Game seed: 14161426259403938223

70 polve the Slasher (level 4, -8/27 HPs)
             Began as a Vine Stalker Fighter on Oct 31, 2019.
             Killed by divine providence
             ... invoked by an orc priest
              (12 damage)
             ... on level 2 of the Dungeon.
             The game lasted 00:01:35 (1185 turns).

polve the Slasher (Vine Stalker Fighter)            Turns: 1185, Time: 00:01:36

Health: -8/27      AC:  8    Str: 18    XL:     4   Next: 21%
Magic:  5/5        EV:  7    Int:  8    God:
Gold:   126        SH: 10    Dex: 15    Spells: 3/3 levels left

rFire    . . .     SeeInvis .   a - +0 long sword
rCold    . . .     Gourm    .   c - +0 shield
rNeg     . . .     Faith    .   b - +0 scale mail
rPois    .         Spirit   .   j - +1 helmet
rElec    .         Reflect  .   (no cloak)
rCorr    .         Harm     .   (no gloves)
MR       .....                  (no boots)
Stlth    ..........             (no amulet)
HPRegen  0.49/turn              (no ring)
MPRegen  0.09/turn              (no ring)

@: no status effects
A: fangs 2, regeneration 1, no potion heal 3, rot immunity, strong jaws
a: no special abilities


You were on level 2 of the Dungeon.
You were not hungry.

You visited 1 branch of the dungeon, and saw 2 of its levels.

You collected 126 gold pieces.

Inventory:

Hand Weapons
 a - a +0 long sword (weapon)
Armour
 b - a +0 scale mail (worn)
 c - a +0 shield (worn)
 j - a +1 helmet (worn)
Scrolls
 e - a scroll of amnesia {unknown}
Potions
 d - a potion of might
 h - a potion of agility {unknown}
 i - 2 potions of heal wounds {unknown}
 k - a potion of curing {unknown}
Comestibles
 f - 3 rations {!d}
 g - 3 chunks of flesh


   Skills:
 - Level 2.6 Fighting
 + Level 4.0 Long Blades
 - Level 2.4 Armour
 - Level 2.6 Shields


You had 3 spell levels left.
You didn't know any spells.
Your spell library was empty.

Dungeon Overview and Level Annotations

Branches:
Dungeon (2/12)

Altars:


Innate Abilities, Weirdness & Mutations

You have extremely sharp teeth.
Your natural rate of healing is unusually fast.
Potions cannot restore your health.
You are immune to rotting.
Your bites deal extra damage.


Message History

An orc priest comes into view. It is wielding a +0 short sword.
The orc priest mumbles some strange prayers to Beogh against you.
Beogh smites you!
Ouch! That really hurt!
* * * LOW HITPOINT WARNING * * *
The orc wizard gestures wildly while chanting.
The orc wizard blinks!
Some of the chunks of flesh in your inventory have rotted away.
The orc wizard gestures wildly while chanting.
The orc wizard blinks!
The orc priest mumbles some strange prayers to Beogh against you.
Beogh smites you!
* * * LOW HITPOINT WARNING * * *
A puff of flame appears from out of thin air!
The puff of flame hits you!
* * * LOW HITPOINT WARNING * * *
There is a stone staircase leading up here.
The orc priest mumbles some strange prayers to Beogh against you.
Beogh smites you!
You die...

#..{...#
#......#############
###o#####..........## ##
#.# ##............##
.####.###..............#
.........o.............#
#.###.###..............#
#.###.###..............#
#..............o@......#
#######...............##
.......>.##..........##
..######.####.########
#..............#....#
########.####.......#
#.# ##......# ### #.#
##.....# ..## #.#
#.....#####


You could see an orc priest and an orc.

Vanquished Creatures
  An adder (D:2)
  2 oozes (D:1)
  3 worms (D:2)
  2 dart slugs
  2 leopard geckos (D:1)
  A giant cockroach (D:1)
  5 goblins
  4 hobgoblins (D:1)
  4 jackals (D:1)
  2 bats
  5 kobolds
  8 rats
39 creatures vanquished.

Notes
Turn   | Place    | Note
-------+----------+-------------------------------------------
     0 | D:1      | polve the Vine Stalker Fighter began the quest for the Orb.
     0 | D:1      | Reached XP level 1. HP: 13/13 MP: 2/2
     7 | D:1      | Reached skill level 2 in Long Blades
    43 | D:1      | Reached XP level 2. HP: 18/18 MP: 3/3
   184 | D:1      | Reached skill level 3 in Long Blades
   195 | D:1      | Reached XP level 3. HP: 22/22 MP: 4/4
   987 | D:2      | Reached XP level 4. HP: 26/27 MP: 5/5
  1140 | D:2      | Reached skill level 4 in Long Blades
  1185 | D:2      | Killed from afar by an orc priest

Skill      XL: |  1  2  3  4 |
---------------+-------------+-----
Long Blades    | 2 3 4 |  4.0
Fighting       | |  2.6
Armour         | |  2.4
Shields        | |  2.6

Action                   |  1- 3 |  4- 6 || total
-------------------------+-------+-------++-------
Melee: Long sword        |   128 |    19 ||   147
       Bite              |    11 |     4 ||    15
  Eat: Chunk             |     1 |       ||     1
Armor: Scale mail        |    50 |     7 ||    57
Dodge: Dodged            |    33 |    13 ||    46
Block: Shield            |    56 |    12 ||    68
